[Event "FISCA Open 2022"]
[Site "Cap Aurora"]
[Date "2022.06.23"]
[Round "2.7"]
[White "Tarciuc, Ianis-Mihai"]
[Black "Mintau, Andrei-Catalin"]
[Result "0-1"]
[ECO "A20"]
[WhiteElo "1695"]
[BlackElo "2130"]
[Annotator "NA RC"]
[PlyCount "126"]
[EventDate "2022.06.22"]
[EventType "swiss"]
[EventCountry "ROU"]
[SourceTitle "playchess.com"]
[Source "ChessBase"]
[SourceQuality "1"]
[TimeControl "5400+30"]

1. c4 e5 2. g3 Nf6 3. Bg2 Nc6 4. d3 Bb4+ 5. Bd2 Bxd2+ 6. Qxd2 O-O 7. Nc3 d6 8. Nf3 h6 9. O-O a5 10. b3 Ne7 11. Rab1 c6 12. Rfd1 Qc7 13. Ne1 Bf5 14. e4 Bg4 15. Rdc1 Nd7 16. h3 Be6 17. d4 f6 18. d5 Bf7 19. Nd3 f5 20. exf5 Nxf5 21. Be4 Nd4 22. Ne2 Nf6 23. Bg2 Nxe2+ 24. Qxe2 cxd5 25. cxd5 Qd7 26. Rd1 e4 27. Nb2 Nxd5 28. Qd2 Rfc8 29. Re1 Nc3 30. Rbc1 Nxa2 31. Nc4 Nb4 32. Qxd6 Qxd6 33. Nxd6 Rxc1 34. Rxc1 Bxb3 35. Bxe4 a4 36. Nxb7 Bd5 37. Bxd5+ Nxd5 38. Ra1 a3 39. Nd6 a2 40. Nb5 Nb4 41. Nd4 Rd8 42. Nb3 Rd3 43. Nc1 Rd1+ 44. Kg2 Rxc1 45. Rxc1 Nc2 46. Rxc2 a1=Q 47. Re2 Kf7 48. f3 Kf6 49. h4 Qd1 50. Rf2 Ke5 51. Rf1 Qe2+ 52. Rf2 Qd3 53. Ra2 Kd4 54. Rf2 Ke3 55. Kg1 Qb1+ 56. Kg2 Qd1 57. h5 Qd5 58. g4 Kf4 59. Rf1 Qd2+ 60. Rf2 Qe1 61. Rf1 Qg3+ 62. Kh1 Qxf3+ 63. Rxf3+ Kxf3 0-1

[Event "FISCA Open 2022"]
[Site "Cap Aurora"]
[Date "2022.06.23"]
[Round "2.9"]
[White "Chivu, Razvan-Gabriel"]
[Black "Trifoi, Mihaela-Ioana"]
[Result "0-1"]
[ECO "B13"]
[WhiteElo "1686"]
[BlackElo "1949"]
[Annotator "NA RC"]
[PlyCount "86"]
[EventDate "2022.06.22"]
[EventType "swiss"]
[EventCountry "ROU"]
[SourceTitle "playchess.com"]
[Source "ChessBase"]
[SourceQuality "1"]
[TimeControl "5400+30"]

1. e4 c6 2. d4 d5 3. exd5 cxd5 4. Bd3 Nf6 $14 5. Bg5 Bg4 6. f3 Bh5 7. Ne2 e6 8. Nf4 Bg6 9. Nxg6 hxg6 10. c3 Bd6 11. Bb5+ Nc6 12. Kf2 Ne4+ 13. fxe4 Qxg5 14. e5 Be7 15. Nd2 a6 16. Nf3 Qf4 17. Bxc6+ bxc6 18. Qd2 Qxd2+ 19. Nxd2 c5 20. Rab1 Kd7 21. b4 cxd4 22. cxd4 Rhc8 23. Rb2 Ra7 24. a3 Rac7 25. Rhb1 Rc2 26. Kf1 R2c3 27. Nb3 R3c7 28. Nd2 Rc3 29. Nb3 R8c4 30. Rd1 Rc7 31. Ke2 Kc6 32. Kd2 Kb5 33. Nc5 Rxa3 34. Rf1 Bg5+ 35. Kc2 Kc4 36. Rd1 Be3 37. Kb1 Bxd4 38. Nxa6 Bxb2 39. Nxc7 Ra1+ 40. Kc2 Rxd1 41. Kxd1 Bxe5 42. Na6 Bxh2 43. Ke2 Bd6 0-1

[Event "FISCA Open 2022"]
[Site "Cap Aurora"]
[Date "2022.06.23"]
[Round "2.10"]
[White "Capragiu, Matei-Stefan"]
[Black "Rata, Anamaria"]
[Result "1-0"]
[ECO "E01"]
[WhiteElo "1925"]
[BlackElo "1656"]
[Annotator "NA RC"]
[PlyCount "73"]
[EventDate "2022.06.22"]
[EventType "swiss"]
[EventCountry "ROU"]
[SourceTitle "playchess.com"]
[Source "ChessBase"]
[SourceQuality "1"]
[TimeControl "5400+30"]

1. d4 d5 2. c4 c6 3. Nf3 Nf6 4. g3 e6 5. Bg2 Nbd7 6. O-O b6 7. b3 Bb7 8. Nc3 Be7 9. Qc2 Rc8 10. e4 dxe4 11. Nxe4 O-O 12. Ne5 Nxe4 13. Qxe4 Nf6 14. Qe3 Qc7 $15 15. Nd3 Rfd8 16. Bb2 Ng4 17. Qe4 Nh6 18. Rfe1 Nf5 19. Rad1 Bf6 20. Ne5 Ne7 21. Ng4 Rd7 22. Nxf6+ gxf6 23. Qh4 Nf5 24. Qxf6 Qd8 25. Qe5 Qg5 26. d5 f6 27. Qxe6+ Rf7 28. dxc6 Ba6 29. Bd5 Rcf8 30. Qxf6 Qxf6 31. Bxf6 h6 32. c7 Kh7 33. Bxf7 Rxf7 34. Bd8 Bc8 35. g4 Ng7 36. Re7 Rxe7 37. Bxe7 1-0

[Event "FISCA Open 2022"]
[Site "Cap Aurora"]
[Date "2022.06.23"]
[Round "2.11"]
[White "Iordache, Alexia-Andreea"]
[Black "Ribarov, Valerij"]
[Result "0-1"]
[ECO "B78"]
[WhiteElo "1658"]
[BlackElo "1918"]
[Annotator "NA RC"]
[PlyCount "104"]
[EventDate "2022.06.22"]
[EventType "swiss"]
[EventCountry "ROU"]
[SourceTitle "playchess.com"]
[Source "ChessBase"]
[SourceQuality "1"]
[TimeControl "5400+30"]

1. e4 c5 2. Nf3 d6 3. d4 cxd4 4. Nxd4 Nf6 5. Nc3 g6 6. Be3 Bg7 7. f3 O-O 8. Bc4 Nc6 9. Qd2 Bd7 10. h4 h5 11. O-O-O Rc8 12. Bb3 Ne5 13. g4 hxg4 14. h5 Nxh5 15. Bh6 Kh7 16. Bxg7 Kxg7 17. Rxh5 gxh5 18. Qg5+ Ng6 19. Nf5+ Bxf5 20. exf5 e6 21. Qxd8 Rcxd8 22. fxg6 Kxg6 23. Rg1 Kg5 24. fxg4 hxg4 25. Ne4+ Kf5 26. Nf2 Rg8 27. c3 Kf4 28. Nd3+ Kg5 29. Nf2 Kh4 30. Ne4 g3 31. Rh1+ Kg4 32. Nf6+ Kf3 33. Nxg8 g2 34. Bd1+ Kf2 35. Rh2 Rxg8 36. Bh5 Rg7 37. Kd2 f5 38. Be8 e5 39. b4 a6 40. c4 e4 41. Bh5 f4 42. b5 f3 43. Bxf3 Kxf3 44. bxa6 bxa6 45. c5 g1=Q 46. Re2 d5 47. c6 Qd4+ 48. Kc2 Kxe2 49. a4 Rg3 50. c7 Rc3+ 51. Kb2 Qb4+ 52. Ka2 Ra3# 0-1

[Event "FISCA Open 2022"]
[Site "Cap Aurora"]
[Date "2022.06.23"]
[Round "2.12"]
[White "Aldea, Maria-Antonia"]
[Black "Corbu, George-Alexandru"]
[Result "1/2-1/2"]
[ECO "E05"]
[WhiteElo "1655"]
[BlackElo "1914"]
[Annotator "NA RC"]
[PlyCount "70"]
[EventDate "2022.06.22"]
[EventType "swiss"]
[EventCountry "ROU"]
[SourceTitle "playchess.com"]
[Source "ChessBase"]
[SourceQuality "1"]
[TimeControl "5400+30"]

1. d4 d5 2. Nf3 e6 3. g3 Nf6 4. Bg2 Be7 5. O-O O-O 6. c4 dxc4 7. Nbd2 c5 8. Nxc4 Nc6 9. dxc5 Bxc5 10. a3 $14 a5 11. b3 Ra6 12. Bb2 b5 13. Nce5 Nxe5 14. Nxe5 Nd7 15. Nd3 Bd6 16. Rc1 Qb6 17. Rc6 Qb8 18. Qd2 b4 19. axb4 axb4 20. Rxa6 Bxa6 21. Ra1 Qb6 22. Rc1 Rc8 23. Rxc8+ Bxc8 24. Qc2 Ba6 25. Be4 f5 26. Bg2 Kf7 27. Qd2 h6 28. e3 e5 29. Bd5+ Ke7 30. Bg2 g5 31. h3 Qb5 32. Nc1 e4 33. g4 Bb7 34. Ne2 fxg4 35. hxg4 Qd5 1/2-1/2

[Event "FISCA Open 2022"]
[Site "Cap Aurora"]
[Date "2022.06.23"]
[Round "2.13"]
[White "Popa, Marian"]
[Black "Stancu, Ovidiu-Grigore"]
[Result "0-1"]
[ECO "E38"]
[WhiteElo "1655"]
[BlackElo "1867"]
[Annotator "NA RC"]
[PlyCount "76"]
[EventDate "2022.06.22"]
[EventType "swiss"]
[EventCountry "ROU"]
[SourceTitle "playchess.com"]
[Source "ChessBase"]
[SourceQuality "1"]
[TimeControl "5400+30"]

1. d4 Nf6 2. c4 e6 3. Nf3 c5 4. Nc3 cxd4 5. Nxd4 Bb4 6. Qc2 Nc6 7. e3 Qb6 8. Nf3 d5 9. Bd2 dxc4 10. Bxc4 Bd7 11. a3 Be7 12. O-O Rc8 13. Ba2 $11 Na5 14. Ne5 Bb5 15. Rfc1 O-O 16. b4 Nc6 17. Nxc6 Bxc6 18. Qd1 Rfd8 19. Qe2 a6 20. Be1 Rc7 21. Rc2 Rcd7 22. Rd1 Rxd1 23. Nxd1 Ne4 24. Nb2 Nd6 25. Bc3 Nb5 26. Nc4 Nxc3 27. Rxc3 Qb5 28. Rc1 Qd5 29. f3 Bb5 30. Kf2 Qh5 31. Kg1 Bg5 32. h3 Qh6 33. f4 Be7 34. Qe1 Bh4 35. Qc3 Qh5 36. g4 Qd5 37. Qc2 Bc6 38. Qh2 Qd1+ 0-1

[Event "FISCA Open 2022"]
[Site "Cap Aurora"]
[Date "2022.06.23"]
[Round "2.14"]
[White "Negrean, Andrei"]
[Black "Vaduva, Ion-Valentin"]
[Result "1-0"]
[ECO "D02"]
[WhiteElo "1846"]
[BlackElo "1473"]
[Annotator "NA RC"]
[PlyCount "63"]
[EventDate "2022.06.22"]
[EventType "swiss"]
[EventCountry "ROU"]
[SourceTitle "playchess.com"]
[Source "ChessBase"]
[SourceQuality "1"]
[TimeControl "5400+30"]

1. d4 Nf6 2. Nf3 e6 3. g3 c5 4. Bg2 cxd4 5. O-O d5 6. Nxd4 e5 7. Nb3 Be6 8. c4 Nc6 9. cxd5 Nxd5 10. N1d2 Be7 11. Ne4 b6 12. Nc3 Ncb4 13. a3 Nxc3 14. bxc3 Qxd1 15. Rxd1 Bxb3 16. Bxa8 Bxd1 17. axb4 O-O 18. Bf3 e4 19. Bxe4 Bxe2 20. Rxa7 Bf6 21. Bb2 g5 22. f3 Rd8 23. Kf2 Rd2 24. Bc1 Rd1 25. Be3 Bb5 26. Rc7 h6 27. c4 Bd8 28. Rc8 Ba6 29. Ra8 Bxc4 30. Bxb6 Rd2+ 31. Ke3 Rxh2 32. Rxd8+ 1-0

[Event "FISCA Open 2022"]
[Site "Cap Aurora"]
[Date "2022.06.24"]
[Round "3.1"]
[White "Trifoi, Mihaela-Ioana"]
[Black "Petre, Nad-Titus"]
[Result "1/2-1/2"]
[ECO "B07"]
[WhiteElo "1949"]
[BlackElo "2297"]
[Annotator "TA"]
[PlyCount "50"]
[EventDate "2022.06.22"]
[EventType "swiss"]
[EventCountry "ROU"]
[SourceTitle "playchess.com"]
[Source "ChessBase"]
[SourceQuality "1"]
[TimeControl "5400+30"]

1. e4 g6 2. d4 Bg7 3. Nf3 d6 4. c3 Nd7 5. Bd3 e5 6. O-O Ngf6 $1 {[%emt 0:00:06] 6...Ngf6 scores better than 6...Ne7.} 7. Nbd2 O-O 8. Qc2 {[%emt 0:09:56] B07: Pirc Defence: Miscellaneous Systems.} b6 9. a4 a5 10. dxe5 {[%emt 0:10:09] The position is equal.} dxe5 11. b4 Re8 12. Re1 Bb7 {[%emt 0:07:04] [#]} 13. Bc4 $146 ({Predecessor:} 13. Nc4 Bf8 14. Bd2 Bc6 15. Reb1 Ra7 16. Bg5 h6 17. Bh4 axb4 18. cxb4 Qa8 19. Ncxe5 Nxe5 20. Nxe5 Rxe5 21. Bxf6 Rxe4 {0-1 (66) Sargsyan,T (2281)-Alaverdyan,G (2279) Yerevan 2021}) 13... Re7 (13... Nh5 $14) 14. Ba3 $16 c5 15. Qb3 (15. Bb5 $16) 15... Bh6 16. Rad1 {[%emt 0:02:43] And now bxc5 would win.} Qc7 17. h3 (17. Qc2 $14) 17... Bc6 (17... axb4 $11 18. cxb4 cxb4 19. Bxb4 Nc5) 18. b5 $14 Bb7 19. Bd3 Nf8 20. Nc4 Rd8 21. Bb1 Rxd1 22. Qxd1 Ne8 {[%emt 0:01:03] Against Qd6} 23. Ba2 Kg7 24. Bc1 {[%emt 0:01:08] White is more active.} Bxc1 25. Qxc1 Nd6 {[%emt 0:04:21] Weighted Error Value: White=0.13 (very precise) /Black=0.17 (very precise)} 1/2-1/2

[Event "FISCA Open 2022"]
[Site "Cap Aurora"]
[Date "2022.06.24"]
[Round "3.2"]
[White "Ardeleanu, Alin"]
[Black "Capragiu, Matei-Stefan"]
[Result "1-0"]
[ECO "C15"]
[WhiteElo "2290"]
[BlackElo "1925"]
[Annotator "NA RC"]
[PlyCount "83"]
[EventDate "2022.06.22"]
[EventType "swiss"]
[EventCountry "ROU"]
[SourceTitle "playchess.com"]
[Source "ChessBase"]
[SourceQuality "1"]
[TimeControl "5400+30"]

1. e4 e6 2. d4 d5 3. Nc3 Bb4 4. Bd3 c5 5. exd5 cxd4 (5... Qxd5 $11 6. Bd2 Bxc3 7. Bxc3 cxd4 8. Bxd4 e5) 6. Bb5+ Bd7 7. Bxd7+ Qxd7 8. Qxd4 $16 Nc6 9. Qxg7 Qxd5 10. Nf3 O-O-O 11. O-O Bxc3 12. Qxc3 Nge7 13. Bg5 Kb8 14. Bxe7 Nxe7 15. Qe5+ Kc8 16. c4 Qd3 17. Qc5+ Nc6 18. Rae1 Rhg8 19. Re3 Qg6 20. g3 Qf6 21. b4 Qe7 22. Qxe7 Nxe7 23. Ne5 Nf5 24. Rc3 f6 25. Nf3 e5 26. Re1 Nd6 27. Kf1 Rg4 28. a4 Ne4 29. h3 Nxc3 30. hxg4 Rd3 31. Kg2 Kd7 32. a5 e4 33. Nh4 Rd4 34. a6 b6 35. Nf5 Rxc4 36. Rh1 Nb5 37. Rxh7+ Kc6 38. Rf7 Rxb4 39. Rxf6+ Kc5 40. g5 Nd4 41. g6 e3 42. Nxe3 1-0

[Event "FISCA Open 2022"]
[Site "Cap Aurora"]
[Date "2022.06.24"]
[Round "3.3"]
[White "Coca, Cristi-Iulian"]
[Black "Negrean, Andrei"]
[Result "1/2-1/2"]
[ECO "E05"]
[WhiteElo "2174"]
[BlackElo "1846"]
[Annotator "NA RC"]
[PlyCount "78"]
[EventDate "2022.06.22"]
[EventType "swiss"]
[EventCountry "ROU"]
[SourceTitle "playchess.com"]
[Source "ChessBase"]
[SourceQuality "1"]
[TimeControl "5400+30"]

1. Nf3 Nf6 2. g3 d5 3. Bg2 e6 4. O-O Be7 5. d4 O-O 6. c4 dxc4 7. Na3 Bxa3 8. bxa3 Bd7 (8... b5 $15 {is more appropriate.}) 9. Ne5 Bc6 10. f3 $17 ({Don't go for} 10. Nxc4 $2 Bxg2 11. Kxg2 Qd5+ 12. f3 Qxc4 $19) (10. Bxc6 $11 {keeps the balance.} Nxc6 11. Nxc6 bxc6 12. Bg5) 10... Qd5 11. e4 Qb5 12. Qc2 Qa6 13. Bg5 Nfd7 14. Nxc4 Bb5 15. Rfc1 Nc6 16. Be3 Bxc4 17. Qxc4 Qxa3 18. Rc3 Nb6 19. Qb3 Qxb3 20. axb3 Rfd8 21. Rd1 Rd7 22. Bh3 Ne5 23. Rf1 Ng6 24. d5 Nf8 25. Rfc1 Rc8 26. Bc5 Rcd8 27. Bxf8 Kxf8 28. dxe6 Rd1+ 29. Bf1 c6 30. exf7 Kxf7 31. Rxd1 Rxd1 32. Kf2 a5 33. Be2 Rb1 34. Rc5 a4 35. bxa4 Nxa4 36. Rc4 Nb6 37. Rc5 Na4 38. Rc4 Nb6 39. Rc5 Na4 1/2-1/2

[Event "FISCA Open 2022"]
[Site "Cap Aurora"]
[Date "2022.06.24"]
[Round "3.4"]
[White "Ribarov, Valerij"]
[Black "Daianu, Cristian-Clement"]
[Result "0-1"]
[ECO "A90"]
[WhiteElo "1918"]
[BlackElo "2149"]
[Annotator "NA RC"]
[PlyCount "76"]
[EventDate "2022.06.22"]
[EventType "swiss"]
[EventCountry "ROU"]
[SourceTitle "playchess.com"]
[Source "ChessBase"]
[SourceQuality "1"]
[TimeControl "5400+30"]

1. c4 f5 2. d4 Nf6 3. Nc3 e6 4. g3 d5 5. Nf3 c6 6. Bg2 Bd6 7. O-O O-O 8. b3 Nbd7 9. Ne1 Ne4 $11 10. Bb2 Qe8 11. f3 Nxc3 12. Bxc3 f4 13. gxf4 Bxf4 14. Bd2 e5 15. cxd5 Qh5 16. Bxf4 exf4 17. e4 fxe3 18. Nc2 Qxd5 19. Nxe3 Qg5 20. Qd3 Nb6 21. Rae1 Be6 22. Qe4 Rae8 23. f4 Qh6 24. f5 Bc4 25. Ng4 Qh5 26. Qf3 Bxf1 27. Nf6+ Rxf6 28. Qxh5 Rxe1 29. Bxf1 Nd5 30. Qh3 Ne3 31. Kf2 Rxf1+ 32. Kxe3 R1xf5 33. Ke4 g6 34. d5 Rf4+ 35. Ke5 R6f5+ 36. Kd6 Rxd5+ 37. Kc7 Rf7+ 38. Kc8 Re5 0-1

[Event "FISCA Open 2022"]
[Site "Cap Aurora"]
[Date "2022.06.24"]
[Round "3.5"]
[White "Mintau, Andrei-Catalin"]
[Black "Mihailiuc, Flavius-Iulian"]
[Result "1/2-1/2"]
[ECO "B28"]
[WhiteElo "2130"]
[BlackElo "1820"]
[Annotator "NA RC"]
[PlyCount "267"]
[EventDate "2022.06.22"]
[EventType "swiss"]
[EventCountry "ROU"]
[SourceTitle "playchess.com"]
[Source "ChessBase"]
[SourceQuality "1"]
[TimeControl "5400+30"]

1. e4 c5 2. Nf3 a6 3. c3 d5 4. exd5 Qxd5 5. d4 Bg4 6. Be2 e6 7. O-O Nf6 8. Be3 cxd4 9. cxd4 Be7 10. Nc3 Qd8 11. Qb3 ({Much weaker is} 11. Ne5 Bxe2 12. Qxe2 (12. Nxe2 O-O $11) 12... Nc6 $11) ({White should play} 11. h3 $14 Bf5 12. Rc1) 11... b5 {[%emt 0:03:33] [#]} (11... Nc6 $1 $14) 12. h3 $1 Bh5 {[%emt 0:00:41] [#]} (12... b4 $16) 13. g4 ({Better is} 13. d5 $1 $18 ) 13... Bg6 14. Ne5 Nd5 15. Bf3 ({Better is} 15. Nxd5 $16 Qxd5 16. Qxd5 exd5 17. Nxg6 hxg6 18. Bf3) 15... Nxe3 16. fxe3 Ra7 17. Nc6 Nxc6 18. Bxc6+ Kf8 $1 19. Qxe6 $1 Bf6 20. Qd5 $14 Qb8 21. Qf3 h5 22. Qf4 Qxf4 23. Rxf4 hxg4 24. hxg4 Rh4 25. Ne4 Bxe4 26. Rxe4 Re7 27. Rxe7 Rxg4+ 28. Kf2 Bxe7 29. Rc1 Rg6 30. Bd5 Rd6 31. e4 f5 32. Kf3 fxe4+ 33. Kxe4 Bf6 34. Rc7 Ke8 35. b4 Kd8 36. Ra7 Kc8 37. a3 Kb8 38. Rf7 Rd8 39. Rb7+ Kc8 40. Rb6 Rh8 41. Be6+ Kc7 42. Rxa6 Rh4+ 43. Kd5 Bxd4 44. Rc6+ Kb7 45. Bc8+ Ka7 46. Rc2 Bb6 47. Rg2 Rd4+ 48. Ke5 Rd3 49. Rxg7+ Ka8 50. Rg8 Rxa3 51. Kd6 Rc3 52. Bd7+ Kb7 53. Bxb5 Bc7+ 54. Kd5 Rh3 55. Rg5 Rh6 56. Be2 Rd6+ 57. Kc5 Rc6+ 58. Kb5 Rb6+ 59. Ka4 Rf6 60. Bd3 Re6 61. Bf1 Kb6 62. Bg2 Be5 63. Bd5 Bf6 64. Rf5 Rd6 65. Bf3 Bd4 66. Rb5+ Kc7 67. Rb7+ Kd8 68. Kb5 Rd7 69. Rb8+ Kc7 70. Rf8 Rd6 71. Kc4 Bb6 72. Bd5 Be3 73. b5 Bb6 74. Rf4 Rd7 75. Be6 Rg7 76. Rf6 Re7 77. Bd5 Be3 78. Rc6+ Kb8 79. b6 Rb7 80. Re6 Bxb6 81. Bxb7 Kxb7 82. Kb5 Bf2 83. Re7+ Kb8 84. Kc6 Bg3 85. Rb7+ Ka8 86. Kb6 Bf2+ 87. Ka6 Bg3 88. Rg7 Be5 89. Re7 Bd6 90. Rd7 Bf4 91. Kb6 Bg3 92. Ra7+ Kb8 93. Ra2 Bc7+ 94. Kc6 Bf4 95. Rb2+ Ka8 96. Rb3 Be5 97. Re3 Bf4 98. Ra3+ Kb8 99. Rb3+ Ka8 100. Kb6 Kb8 101. Rf3 Bc7+ 102. Kc6 Be5 103. Rf7 Bg3 104. Kb6 Ka8 105. Rb7 Bf2+ 106. Kc7 Ba7 107. Rb3 Bd4 108. Rd3 Be5+ 109. Kc6 Bb8 110. Kb6 Ba7+ 111. Kc7 Bf2 112. Kc8 Bb6 113. Rf3 Bd4 114. Rf5 Bb6 115. Rd5 Be3 116. Re5 Bd4 117. Rb5 Be3 118. Rb7 Bf4 119. Rb3 Bd6 120. Rb5 Ka7 121. Kd7 Bg3 122. Kc6 Bf4 123. Rb7+ Ka8 124. Re7 Bg3 125. Rd7 Bf4 126. Rg7 Be5 127. Re7 Bf4 128. Kb6 Bg3 129. Re8+ Bb8 130. Re2 Ba7+ 131. Kc7 Bb8+ 132. Kb6 Ba7+ 133. Kc7 Bb8+ 134. Kc8 1/2-1/2

[Event "FISCA Open 2022"]
[Site "Cap Aurora"]
[Date "2022.06.24"]
[Round "3.7"]
[White "Dobra, Costica"]
[Black "Girmacea, Bogdan"]
[Result "0-1"]
[ECO "A08"]
[WhiteElo "1837"]
[BlackElo "2133"]
[Annotator "NA RC"]
[PlyCount "108"]
[EventDate "2022.06.22"]
[EventType "swiss"]
[EventCountry "ROU"]
[SourceTitle "playchess.com"]
[Source "ChessBase"]
[SourceQuality "1"]
[TimeControl "5400+30"]

1. e4 e6 2. d3 d5 3. Nd2 c5 4. Ngf3 Nc6 5. g3 Bd6 6. Bg2 Nge7 7. O-O O-O 8. Re1 Qc7 9. c3 f6 10. a3 a5 11. Nf1 (11. exd5 $14 exd5 12. c4) 11... d4 12. Nh4 (12. cxd4 $11 Nxd4 13. Nxd4 cxd4 14. Nd2) 12... e5 13. c4 $17 (13. Qb3+ $15 Kh8 14. a4) 13... a4 14. g4 g6 15. Ng3 Nd8 16. Bh6 Rf7 17. Bf3 Ne6 18. Ng2 Kh8 19. h4 Bd7 20. Bd2 Rb8 21. h5 b5 22. b3 bxc4 23. bxc4 Rb3 24. Qc2 Rf8 25. Reb1 Rfb8 26. Ne2 Qb6 27. Rxb3 Qxb3 28. Qxb3 Rxb3 29. Nc1 Rb2 30. Ra2 Rb1 31. Kh2 Kg7 32. Bd1 gxh5 33. gxh5 f5 34. Bc2 Rb8 35. exf5 Nxf5 36. Ne2 Kf6 37. Ng3 Nxg3 38. fxg3 Ng5 39. Bd1 Bc6 40. Nh4 Rb1 41. Bxg5+ Kxg5 42. Nf3+ Kh6 43. Be2 e4 44. Nd2 Rb8 45. Nxe4 Bxe4 46. dxe4 Rb3 47. Kg2 Rxg3+ 48. Kf2 Rc3 49. Rb2 Kg5 50. Rb6 Be5 51. Rc6 d3 52. Bd1 Kf4 53. Ke1 Rxc4 54. Kd2 Kxe4 0-1

[Event "FISCA Open 2022"]
[Site "Cap Aurora"]
[Date "2022.06.24"]
[Round "3.8"]
[White "Breahna, Radu"]
[Black "Mitev, Mitko"]
[Result "1-0"]
[ECO "A25"]
[WhiteElo "2142"]
[BlackElo "1781"]
[Annotator "NA RC"]
[PlyCount "55"]
[EventDate "2022.06.22"]
[EventType "swiss"]
[EventCountry "ROU"]
[SourceTitle "playchess.com"]
[Source "ChessBase"]
[SourceQuality "1"]
[TimeControl "5400+30"]

1. c4 e5 2. g3 Nf6 3. Bg2 Nc6 4. Nc3 Bc5 5. a3 a5 6. e3 O-O 7. Nge2 Re8 8. O-O d6 9. d4 Bb6 10. h3 $11 Ne7 11. c5 Ba7 12. b4 dxc5 13. dxe5 Nd7 14. f4 cxb4 15. axb4 Nf5 16. Qd3 Nf8 17. Qxd8 Rxd8 18. Rxa5 Bxe3+ 19. Kh2 Rxa5 20. bxa5 Bxc1 21. Rxc1 Ne3 22. Bf3 Ne6 23. Nb5 Rd2 24. Kg1 b6 25. axb6 c6 26. Nd6 Ba6 27. b7 Rb2 28. Rxc6 1-0

[Event "FISCA Open 2022"]
[Site "Cap Aurora"]
[Date "2022.06.24"]
[Round "3.9"]
[White "Spiridon, Mihai-Zoltan"]
[Black "Prisacaru, Stefan-Emilian"]
[Result "0-1"]
[ECO "D03"]
[WhiteElo "1678"]
[BlackElo "1937"]
[Annotator "NA RC"]
[PlyCount "58"]
[EventDate "2022.06.22"]
[EventType "swiss"]
[EventCountry "ROU"]
[SourceTitle "playchess.com"]
[Source "ChessBase"]
[SourceQuality "1"]
[TimeControl "5400+30"]

1. d4 d5 2. Nf3 Nf6 3. Bg5 Ne4 4. e3 Nxg5 5. Nxg5 h6 6. Nf3 ({Reject} 6. Qh5 g6 7. Qh4 e5 $15) 6... c5 7. Nc3 Nc6 8. Be2 Bf5 (8... e6 $15) 9. O-O (9. dxc5 $14 e6 10. Nd4) 9... e6 10. a3 Bd6 11. Nb5 Be7 12. dxc5 Bxc5 13. Nbd4 Bh7 14. Bb5 $11 Qc7 15. Nxc6 bxc6 16. Bd3 f5 17. Nd4 Qd6 18. Qh5+ Ke7 19. Qh4+ Kf7 20. f4 Rhf8 21. g4 Kg8 22. g5 e5 23. fxe5 Qxe5 24. Rae1 hxg5 25. Qf2 f4 26. Bxh7+ Kxh7 27. Nf3 fxe3 28. Qh4+ gxh4 29. Nxe5 e2+ 0-1

[Event "FISCA Open 2022"]
[Site "Cap Aurora"]
[Date "2022.06.24"]
[Round "3.10"]
[White "Aldea, Maria-Antonia"]
[Black "Stegaroiu, Marcel-Florian"]
[Result "1/2-1/2"]
[ECO "A81"]
[WhiteElo "1655"]
[BlackElo "1917"]
[Annotator "NA RC"]
[PlyCount "62"]
[EventDate "2022.06.22"]
[EventType "swiss"]
[EventCountry "ROU"]
[SourceTitle "playchess.com"]
[Source "ChessBase"]
[SourceQuality "1"]
[TimeControl "5400+30"]

1. d4 f5 2. Nf3 Nf6 3. g3 g6 4. Bg2 Bg7 5. O-O O-O 6. b3 c5 7. c4 cxd4 8. Nxd4 Nc6 9. Bb2 a6 10. Nc2 (10. Nc3 $16) 10... Qc7 11. Ne3 e6 12. c5 Rf7 (12... Ng4 $14 13. Bxg7 Nxe3) 13. Nc4 Ne8 14. Bxg7 Rxg7 $18 15. Nba3 Nb4 16. Qd4 Nc6 17. Qd2 Rb8 18. Rac1 h5 19. Rfd1 g5 20. Nd6 Nxd6 21. Qxd6 Qxd6 22. Rxd6 Ne5 23. Nc4 Nc6 24. Rcd1 Kf8 25. Nb6 Ke8 26. Bxc6 bxc6 27. Nxc8 Rxc8 28. R1d4 Ra8 29. Rb4 Kd8 30. Rb7 Kc8 31. Rb4 Kc7 1/2-1/2

[Event "FISCA Open 2022"]
[Site "Cap Aurora"]
[Date "2022.06.24"]
[Round "3.12"]
[White "Togan, Teodor-Bogdan"]
[Black "Miron, Iurii"]
[Result "1/2-1/2"]
[ECO "B82"]
[WhiteElo "1507"]
[BlackElo "1769"]
[Annotator "NA RC"]
[PlyCount "85"]
[EventDate "2022.06.22"]
[EventType "swiss"]
[EventCountry "ROU"]
[SourceTitle "playchess.com"]
[Source "ChessBase"]
[SourceQuality "1"]
[TimeControl "5400+30"]

1. e4 c5 2. Nf3 e6 3. d4 cxd4 4. Nxd4 Nf6 5. Nc3 d6 6. f4 a6 7. Qf3 Qb6 8. Nb3 Qc7 9. g4 b5 10. a3 Bb7 11. g5 Nfd7 12. Bg2 Nc6 13. Be3 b4 14. axb4 Nxb4 15. Qf2 Be7 16. h4 a5 17. O-O O-O 18. Nd4 Ba6 19. Rfd1 Rfe8 20. h5 Nf8 21. Nb3 Reb8 22. Nxa5 Nc6 23. Nxc6 Qxc6 24. e5 d5 25. Nxd5 exd5 26. Bxd5 Qc8 27. Bxa8 Rxa8 28. Qg2 Bb7 29. Rxa8 Bxa8 30. Qg3 Qxc2 31. Rd2 Qb1+ 32. Kf2 Bb4 33. Re2 Ne6 34. Bd2 Bc5+ 35. Be3 Nd4 36. Rd2 Qe4 37. g6 hxg6 38. hxg6 fxg6 39. b4 Bb6 40. Qh3 Bb7 41. Rxd4 Bxd4 42. Qe6+ Kh7 43. Qh3+ 1/2-1/2